 Dungeon Crawl Stone Soup version 0.21-a0-273-g0785366 (webtiles) character file.

598 GordonOverkill the Covert (level 7, 0/51 HPs)
             Began as a Gnoll Assassin on Sept 15, 2017.
             Succumbed to a worker ant's poison
             ... on level 5 of the Dungeon on Sept 17, 2017.
             The game lasted 00:14:12 (8202 turns).

GordonOverkill the Covert (Gnoll Assassin)          Turns: 8202, Time: 00:14:13

Health: 0/51       AC:  5    Str:  7    XL:     7   Next: 40%
Magic:  7/7        EV:  9    Int:  7    God:
Gold:   254        SH:  0    Dex:  7    Spells: 6/6 levels left

rFire    . . .     SeeInvis .   a - +2 dagger
rCold    . . .     Gourm    .   (no shield)
rNeg     . . .     Faith    .   q - +0 ring mail
rPois    .         Spirit   .   (no helmet)
rElec    .         Reflect  .   u - scarf {repulsion}
rCorr    .         Harm     .   (no gloves)
MR       .....                  (no boots)
Stlth    +++.......             o - amulet of magic regeneration
HPRegen  0.17/turn              (no ring)
MPRegen  0.35/turn              (no ring)

@: lethally poisoned (0 -> -19), hasted, repel missiles, very quick
A: unchanging attributes, fangs 1, strong nose
a: no special abilities


You were on level 5 of the Dungeon.
You were hungry.

You visited 1 branch of the dungeon, and saw 5 of its levels.

You collected 254 gold pieces.

Inventory:

Hand Weapons
 a - a +2 dagger (weapon)
 b - a +0 blowgun
 n - a +3 dagger
 w - a +1 vampiric dagger
Missiles
 e - 16 poisoned needles
 f - 2 curare-tipped needles
 h - 6 needles of paralysis
Armour
 d - a +0 cloak
 q - a +0 ring mail (worn)
 u - a scarf of repulsion (worn)
Jewellery
 o - an amulet of magic regeneration (around neck)
Scrolls
 j - 4 scrolls of fog
 l - a scroll of magic mapping
 p - 4 scrolls of identify
 x - a scroll of random uselessness {unknown}
 y - a scroll of teleportation
Potions
 i - 2 potions of flight
 k - 2 potions of degeneration {unknown}
 m - a potion of lignification {unknown}
 r - 2 potions of curing {unknown}
 s - a potion of mutation {unknown}
 t - a potion of resistance {unknown}
Comestibles
 c - 4 royal jellies
 g - 3 bread rations
 A - a meat ration


   Skills:
 - Level 2.6 Fighting
 * Level 7.5 Short Blades
 - Level 2.6 Throwing
 - Level 1.3 Dodging
 * Level 8.7 Stealth


You had 6 spell levels left.
You didn't know any spells.

Dungeon Overview and Level Annotations

Branches:
Dungeon (5/15)
 Temple: D:4-7

Altars:
Yredelemnul


Innate Abilities, Weirdness & Mutations

Your physical attributes are unchanging.
You have very sharp teeth.
Your uncanny sense of smell can sniff out nearby items.


Message History

You are more poisoned.
The worker ant poisons you!
You closely miss the worker ant.
The worker ant is moderately wounded.
* * * LOW HITPOINT WARNING * * *
You feel sick.
You hit the worker ant.
The worker ant is heavily wounded.
* * * LOW HITPOINT WARNING * * *
You feel sick.
The worker ant bites you but does no damage.
You barely miss the worker ant.
The worker ant is heavily wounded.
You hit the worker ant but do no damage.
The worker ant is heavily wounded.
* * * LOW HITPOINT WARNING * * *
You feel sick. The worker ant misses you.
You hit the worker ant.
The worker ant is severely wounded.
You die...

##### ....#
....# ....#
....# ##....#
##.....#
#@<....#
......a.........
###.#...###.####
...### # #..#
...! ####∆


You could see a worker ant.

Vanquished Creatures
  An ogre (D:4)
  A scorpion (D:4)
  2 hounds (D:3)
  A centaur skeleton (D:4)
  Crazy Yiuf (D:2)
  Jessica (D:2)
  Natasha (thrice) (D:1)
  3 worker ants (D:4)
  Robin (D:2)
  3 gnolls
  5 adders
  An ooze (D:3)
  2 worms
  A dart slug (D:1)
  2 leopard geckos
  6 orcs
  4 giant cockroaches
  15 goblins
  9 hobgoblins
  8 jackals
  7 kobolds
  A quokka (D:4)
  3 bats
  A frilled lizard (D:3)
  3 rats
85 creatures vanquished.

Vanquished Creatures (others)
  A plant (D:4)
1 creature vanquished.

Grand Total: 86 creatures vanquished

Notes
Turn   | Place    | Note
-------+----------+-------------------------------------------
     0 | D:1      | GordonOverkill the Gnoll Assassin began the quest for the Orb.
     0 | D:1      | Reached XP level 1. HP: 17/17 MP: 1/1
   285 | D:1      | Reached skill level 5 in Stealth
   599 | D:1      | Reached XP level 2. HP: 20/23 MP: 2/2
  1138 | D:2      | Noticed Natasha
  1144 | D:2      | Noticed a crimson imp
  1150 | D:1      | Reached XP level 3. HP: 26/28 MP: 3/3
  1181 | D:1      | Killed Natasha
  1390 | D:1      | Noticed Natasha
  1403 | D:1      | Killed Natasha
  1403 | D:1      | Reached skill level 6 in Stealth
  1403 | D:1      | Reached XP level 4. HP: 15/34 MP: 4/4
  1945 | D:1      | Noticed Natasha
  1959 | D:1      | Killed Natasha
  2428 | D:2      | Noticed Robin
  2442 | D:2      | Noticed Jessica
  2713 | D:2      | Reached XP level 5. HP: 33/39 MP: 5/5
  2869 | D:2      | Reached skill level 5 in Short Blades
  2931 | D:2      | Killed Robin
  3528 | D:2      | Found a runed door.
  3925 | D:2      | Noticed Crazy Yiuf
  3931 | D:2      | Killed Jessica
  3938 | D:2      | Killed Crazy Yiuf
  3938 | D:2      | Reached skill level 7 in Stealth
  4570 | D:3      | Reached XP level 6. HP: 39/46 MP: 6/6
  4646 | D:3      | Upgraded the game from 0.21-a0-271-ge7f0487 to 0.21-a0-273-g0785366
  6119 | D:4      | Reached skill level 8 in Stealth
  6315 | D:4      | Reached XP level 7. HP: 26/51 MP: 7/7
  6939 | D:4      | Found a basalt altar of Yredelemnul.
  7980 | D:5      | Entered Level 5 of the Dungeon
  8198 | D:5      | HP: 2/51 [poisoned by a worker ant]
  8202 | D:5      | Succumbed to a worker ant's poison

Vault maps used:
D:1:      saegor_arrival_simple_d
D:2:      uniq_robin, uniq_jessica, uniq_crazy_yiuf_cottage, uniq_natasha
D:3:      kennysheep_decorative_pillar, grunt_decor_arrowhead,
          minmay_misc_feat_cross
D:4:      lemuel_coloured_pillars_altar, serial_bayou_lagoon_a
D:5:      first_bread, cheibrodos_sewer_entry_bend,
          hangedman_abyss_or_decor_stabs

Skill      XL: |  1  2  3  4  5  6  7 |
---------------+----------------------+-----
Short Blades   | 3 4 5 6 7 |  7.5
Stealth        | 5 6 7 8 |  8.7
Fighting       | |  2.6
Throwing       | |  2.6
Dodging        | |  1.3

Action                   |  1- 3 |  4- 6 |  7- 9 || total
-------------------------+-------+-------+-------++-------
Melee: Dagger            |   101 |   332 |   291 ||   724
       Bite              |     2 |    19 |    14 ||    35
 Fire: Blowgun           |       |     8 |     6 ||    14
  Use: Scroll            |       |     8 |       ||     8
       Potion            |       |     2 |     1 ||     3
 Stab: Sleeping          |     1 |     8 |     2 ||    11
  Eat: Chunk             |     2 |     2 |     5 ||     9
       Meat ration       |       |     2 |       ||     2
       Fruit             |       |     4 |       ||     4
Armor: Robe              |    15 |    30 |       ||    45
       Ring mail         |       |    24 |    63 ||    87
Dodge: Dodged            |    45 |   126 |    66 ||   237

Table legend:
 A = Spawn XP
 B = Non-spawn XP
 C = Spawn XP percentage of total XP
 D = Spawn monster count
 E = Non-spawn monster count
 F = Spawn count percentage of total count
 G = Total turns spent on level
                    A         B        C        D         E        F      G
               +---------+---------+-------+---------+---------+-------+---------
         Total |       0 |     855 |   0.0 |       0 |      85 |   0.0 |  8202
               +---------+---------+-------+---------+---------+-------+---------
           D:1 |       0 |     151 |   0.0 |       0 |      21 |   0.0 |  2871
           D:2 |       0 |     147 |   0.0 |       0 |      25 |   0.0 |  1540
           D:3 |       0 |     173 |   0.0 |       0 |      22 |   0.0 |  1399
           D:4 |       0 |     384 |   0.0 |       0 |      17 |   0.0 |  2373
               +---------+---------+-------+---------+---------+-------+---------
